Condors vs Icehogs

Created - April 16, 2025 at 21:41

Goals
1 2 3 T
Condors 1 2 1 4
Icehogs 0 1 2 3
Shots
1 2 3 T
Condors 17 11 8 36
Icehogs 5 11 19 35

1st period

1. Condors , Klim Kostin 18 (Alexander Alexeyev 16, Nick Shore 56) at 1:14

Penalties :
Nils Hoglander (Roc) for Slashing (Minor) at 17:03

2nd period

2. Icehogs , Hudson Fasching 46 (Dillon Dube 48) at 5:17 (PP)
3. Condors , Adam Erne 48 (Martin Frk 47, Alexander Alexeyev 17) at 19:25 (PP)
4. Condors , Martin Frk 32 (Adam Erne 59, Tyson Jost 50) at 19:33

Penalties :
Nick Shore (Bak) for Roughing (Minor) at 5:06, Logan Stanley (Bak) for Tripping (Minor) at 14:34, Ross Johnston (Roc) for Kneeing (Minor) at 19:15

3rd period

5. Icehogs , Maxim Letunov 8 (Patrick Sieloff 46, Julius Honka 42) at 3:40
6. Icehogs , Calle Andersson 6 (Andrew Poturalski 41) at 8:21 (PP)
7. Condors , Nick Shore 35 (Logan Stanley 16, Yegor Sharangovich 29) at 16:03

Penalties :
Declan Chisholm (Roc) for Holding (Minor) at 1:29, Nick Shore (Bak) for Delaying the game (Minor) at 7:25

Goalie Stats

Jaxson Stauber (Bak), 32 saves from 35 shots - (0.914), W, 12-5-2, 60:00 minutes
Mackenzie Blackwood (Roc), 32 saves from 36 shots - (0.889), L, 26-21-4, 58:52 minutes

Players Stats for Condors

Player Name              G  A  P  +/- PIM S  H  SB GA TA FO     MP     PP MP  PK MP  
------------------------------------------------------------------------------------
Adam Erne                1  1  2   1  0   3  2  2  1  0  3/5    23:18   2:25   2:09 
Alexander Alexeyev       0  2  2   1  0   0  0  1  0  0  0/0    18:53   1:55   1:07 
Cody Glass               0  0  0  -1  0   3  1  0  0  0  0/0    12:10   0:00   0:00 
Cole Cassels             0  0  0   0  0   0  0  0  0  0  2/3     8:06   0:00   0:00 
Colin White              0  0  0   0  0   0  0  0  0  0  0/0     0:00   0:00   0:00 
Connor Hurley            0  0  0  -1  0   3  1  0  0  0  6/8    12:10   0:00   0:00 
Evan Bouchard            0  0  0   1  0   1  2  1  0  1  0/0    24:22   2:13   1:59 
Filip Kral               0  0  0   0  0   0  0  0  0  1  0/0     5:53   0:00   0:00 
Gustav Olofsson          0  0  0   1  0   1  0  2  0  1  0/0    18:53   1:55   1:07 
Jeremy Gregoire          0  0  0   0  0   0  0  0  0  0  0/0     0:28   0:00   0:23 
Jordan Spence            0  0  0   0  0   0  0  0  0  0  0/0     5:53   0:00   0:00 
Jordan Subban            0  0  0   0  0   2  0  1  0  0  0/0    11:22   0:00   0:25 
Klim Kostin              1  0  1   2  0   3  1  1  1  1  2/2    15:38   1:43   0:09 
Logan Stanley            0  1  1   1  2   3  3  1  1  1  0/0    23:04   2:13   0:42 
Lucas Johansen           0  0  0   0  0   0  0  0  0  0  0/0     0:52   0:00   0:52 
Martin Frk               1  1  2   1  0   2  1  0  2  0  1/1    21:46   2:25   0:42 
Nick Shore               1  1  2   2  4   3  0  2  0  0  4/10   16:09   1:43   0:42 
Nikolai Knyzhov          0  0  0   0  0   1  0  0  0  0  0/0    10:52   0:00   0:00 
Pontus Holmberg          0  0  0   0  0   1  1  1  0  0  0/0     8:06   0:00   0:00 
Remi Elie                0  0  0   0  0   0  1  0  0  0  0/0     8:06   0:00   0:00 
Robin Salo               0  0  0   0  0   0  0  0  0  0  0/0     0:00   0:00   0:00 
Ryan McLeod              0  0  0   0  0   0  0  0  0  0  0/0     0:00   0:00   0:00 
Taro Hirose              0  0  0  -1  0   4  1  0  1  0  0/0    12:10   0:00   0:00 
Tyson Jost               0  1  1   1  0   3  2  0  0  2  15/30  23:11   2:25   2:07 
Yegor Sharangovich       0  1  1   2  0   3  3  0  1  0  2/2    15:29   1:43   0:00 

Players Stats for Icehogs

Player Name              G  A  P  +/- PIM S  H  SB GA TA FO     MP     PP MP  PK MP  
------------------------------------------------------------------------------------
Andrew Poturalski        0  1  1   0  0   6  1  0  1  0  6/12   16:26   1:15   1:17 
Ben Johnson              0  0  0  -1  0   0  2  0  0  0  1/5    12:21   0:00   0:10 
Calle Andersson          1  0  1  -1  0   1  1  4  0  0  0/0    19:02   1:15   1:41 
Declan Chisholm          0  0  0   0  2   0  0  1  0  0  0/0    12:01   0:00   0:00 
Dillon Dube              0  1  1  -2  0   2  1  0  0  2  19/40  22:33   1:51   2:04 
Gabriel Fortier          0  0  0   1  0   0  1  0  0  0  0/0     7:59   0:00   0:00 
Hudson Fasching          1  0  1  -2  0   6  1  2  1  1  0/0    20:29   1:51   0:00 
Jeremy Davies            0  0  0  -1  0   2  0  0  0  0  0/0    19:02   1:15   1:41 
JJ. Piccinich            0  0  0  -1  0   1  1  1  0  0  0/0    12:11   0:00   0:00 
Julius Honka             0  1  1  -1  0   5  1  2  0  1  0/0    29:00   1:51   2:27 
Maxim Letunov            1  0  1   1  0   1  0  0  1  0  0/1     7:59   0:00   0:00 
Mikhail Grigorenko       0  0  0  -2  0   2  2  1  1  1  0/1    22:39   1:51   2:10 
Mitchell Chaffee         0  0  0   1  0   0  1  0  0  0  0/0     7:59   0:00   0:00 
Nikita Scherbak          0  0  0   0  0   6  2  1  2  0  0/1    16:26   1:15   1:13 
Nils Hoglander           0  0  0   0  2   2  2  0  0  1  0/1    15:42   1:15   0:34 
Patrick Sieloff          0  1  1  -1  0   1  0  0  1  0  0/0    29:00   1:51   2:27 
Ross Johnston            0  0  0  -1  2   0  1  0  0  0  0/0    13:02   0:00   0:48 
Zach Whitecloud          0  0  0   0  0   0  1  0  0  1  0/0    11:58   0:00   0:00 

3 Stars

1 - Adam Erne (Bak)
2 - Martin Frk (Bak)
3 - Klim Kostin (Bak)

Power Play

Condors - 1 on 3 Attempt(s) - 33.33%
Icehogs - 2 on 3 Attempt(s) - 66.67%

Penalty Kill

Condors - 1 on 3 Attempt(s) - 33.33% - Score 0 goal in Penalty Kill
Icehogs - 2 on 3 Attempt(s) - 66.67% - Score 0 goal in Penalty Kill

Team Stat

Condors - Hits : 19 - Faceoff Wins : 35 - Blocked Shots : 12 - Penalty Minutes : 6
Icehogs - Hits : 18 - Faceoff Wins : 26 - Blocked Shots : 12 - Penalty Minutes : 6

Official

Referees : Wes McCauley and Frederick L'Ecuyer
Linesman : Andrew Smith and Kory Nagy

Game Notes

No Game Note

Finance

Level 1 -- Attendance: 2000 (100.00%) -- Ticket Income $140,000
Level 2 -- Attendance: 998 (99.80%) -- Ticket Income $39,920
Total Attendance: 2998 (99.93%)
Total Ticket Income: $179,920
Other Income: $8,996
Total Income: $188,916

Condors

5 vs 5 Forward 
   Center                   Left Wing                Right Wing               Time % Phy DF OF 
 1 Tyson Jost               Adam Erne                Martin Frk               40     1   2  2  
 2 Nick Shore               Klim Kostin              Yegor Sharangovich       30     1   2  2  
 3 Connor Hurley            Taro Hirose              Cody Glass               20     1   2  2  
 4 Cole Cassels             Remi Elie                Pontus Holmberg          10     1   2  2  

5 vs 5 Defense 
   Defense                  Defense                                           Time % Phy DF OF 
 1 Logan Stanley            Evan Bouchard                                     40     1   2  2  
 2 Gustav Olofsson          Alexander Alexeyev                                30     1   2  2  
 3 Jordan Subban            Nikolai Knyzhov                                   20     1   2  2  
 4 Filip Kral               Jordan Spence                                     10     1   2  2  

PowerPlay Forward 
   Center                   Left Wing                Right Wing               Time % Phy DF OF 
 1 Tyson Jost               Adam Erne                Martin Frk               60     1   2  2  
 2 Nick Shore               Klim Kostin              Yegor Sharangovich       40     1   2  2  

PowerPlay Defense
   Defense                  Defense                                           Time % Phy DF OF 
 1 Logan Stanley            Evan Bouchard                                     60     1   2  2  
 2 Gustav Olofsson          Alexander Alexeyev                                40     1   2  2  

Penalty Kill 4 Players Forward 
   Center                   Wing                     Time % Phy DF OF 
 1 Adam Erne                Tyson Jost               60     1   2  2  
 2 Nick Shore               Martin Frk               40     1   2  2  

Penalty Kill 4 Players Defense
   Defense                  Defense                  Time % Phy DF OF 
 1 Logan Stanley            Evan Bouchard            60     1   2  2  
 2 Gustav Olofsson          Alexander Alexeyev       40     1   2  2  

Penalty Kill - 3 Players Forward 
   Forward                                           Time % Phy DF OF 
 1 Adam Erne                                         60     1   2  2  
 2 Tyson Jost                                        40     1   2  2  

Penalty Kill - 3 Players Defense
   Defense                  Defense                  Time % Phy DF OF 
 1 Logan Stanley            Evan Bouchard            60     1   2  2  
 2 Gustav Olofsson          Alexander Alexeyev       40     1   2  2  

4 vs 4 Forward 
   Center                   Wing                     Time % Phy DF OF 
 1 Adam Erne                Tyson Jost               60     1   2  2  
 2 Nick Shore               Martin Frk               40     1   2  2  

4 vs 4 Defense
   Defense                  Defense                  Time % Phy DF OF 
 1 Logan Stanley            Evan Bouchard            60     1   2  2  
 2 Gustav Olofsson          Alexander Alexeyev       40     1   2  2  

Last Minutes Offensive
   Center                   Left Wing                Right Wing               Defense                  Defense                  
   Tyson Jost               Adam Erne                Martin Frk               Logan Stanley            Evan Bouchard            

Last Minutes Defensive
   Center                   Left Wing                Right Wing               Defense                  Defense                  
   Tyson Jost               Adam Erne                Martin Frk               Logan Stanley            Evan Bouchard            

Goaltenders
Starting : Jaxson Stauber           
Backup : Stuart Skinner           

Extra Forwards
Normal : Ryan McLeod, Colin White, Jeremy Gregoire - PP : Ryan McLeod, Colin White - PK : Jeremy Gregoire
Extra Defensemen
Normal : Robin Salo, Lucas Johansen, Jordan Subban - PP : Robin Salo - PK : Lucas Johansen, Jordan Subban
Penalty Shots
Adam Erne, Tyson Jost, Nick Shore, Martin Frk, Yegor Sharangovich
Custom OT Lines Forwards
Adam Erne, Tyson Jost, Nick Shore, Martin Frk, Yegor Sharangovich, Klim Kostin, Taro Hirose, Cody Glass, Connor Hurley, Pontus Holmberg
Custom OT Lines Defensemen
Logan Stanley, Evan Bouchard, Gustav Olofsson, Alexander Alexeyev, Jordan Subban

Scratches
Semyon Der-Arguchintsev (Healthy), Brayden Pachal (Healthy), Filip Johansson (Healthy), Cole Fonstad (Healthy), Jack Perbix (Healthy)
Raphael Lavoie (Healthy), Filip Cederqvist (Healthy), Michael Dipietro (Healthy)

Icehogs

5 vs 5 Forward 
   Center                   Left Wing                Right Wing               Time % Phy DF OF 
 1 Dillon Dube              Mikhail Grigorenko       Hudson Fasching          40     1   2  2  
 2 Andrew Poturalski        Nils Hoglander           Nikita Scherbak          30     1   2  2  
 3 Ben Johnson              Ross Johnston            JJ. Piccinich            20     1   2  2  
 4 Maxim Letunov            Gabriel Fortier          Mitchell Chaffee         10     1   2  2  

5 vs 5 Defense 
   Defense                  Defense                                           Time % Phy DF OF 
 1 Patrick Sieloff          Julius Honka                                      40     1   2  2  
 2 Jeremy Davies            Calle Andersson                                   30     1   2  2  
 3 Zach Whitecloud          Declan Chisholm                                   20     1   2  2  
 4 Patrick Sieloff          Julius Honka                                      10     1   2  2  

PowerPlay Forward 
   Center                   Left Wing                Right Wing               Time % Phy DF OF 
 1 Dillon Dube              Mikhail Grigorenko       Hudson Fasching          60     1   2  2  
 2 Andrew Poturalski        Nils Hoglander           Nikita Scherbak          40     1   2  2  

PowerPlay Defense
   Defense                  Defense                                           Time % Phy DF OF 
 1 Patrick Sieloff          Julius Honka                                      60     1   2  2  
 2 Jeremy Davies            Calle Andersson                                   40     1   2  2  

Penalty Kill 4 Players Forward 
   Center                   Wing                     Time % Phy DF OF 
 1 Dillon Dube              Mikhail Grigorenko       60     1   2  2  
 2 Andrew Poturalski        Nils Hoglander           40     1   2  2  

Penalty Kill 4 Players Defense
   Defense                  Defense                  Time % Phy DF OF 
 1 Patrick Sieloff          Julius Honka             60     1   2  2  
 2 Jeremy Davies            Calle Andersson          40     1   2  2  

Penalty Kill - 3 Players Forward 
   Forward                                           Time % Phy DF OF 
 1 Dillon Dube                                       60     1   2  2  
 2 Andrew Poturalski                                 40     1   2  2  

Penalty Kill - 3 Players Defense
   Defense                  Defense                  Time % Phy DF OF 
 1 Patrick Sieloff          Julius Honka             60     1   2  2  
 2 Jeremy Davies            Calle Andersson          40     1   2  2  

4 vs 4 Forward 
   Center                   Wing                     Time % Phy DF OF 
 1 Dillon Dube              Mikhail Grigorenko       60     1   2  2  
 2 Andrew Poturalski        Nils Hoglander           40     1   2  2  

4 vs 4 Defense
   Defense                  Defense                  Time % Phy DF OF 
 1 Patrick Sieloff          Julius Honka             60     1   2  2  
 2 Jeremy Davies            Calle Andersson          40     1   2  2  

Last Minutes Offensive
   Center                   Left Wing                Right Wing               Defense                  Defense                  
   Dillon Dube              Mikhail Grigorenko       Hudson Fasching          Patrick Sieloff          Julius Honka             

Last Minutes Defensive
   Center                   Left Wing                Right Wing               Defense                  Defense                  
   Dillon Dube              Mikhail Grigorenko       Hudson Fasching          Patrick Sieloff          Julius Honka             

Goaltenders
Starting : Mackenzie Blackwood      
Backup : Oscar Dansk              

Extra Forwards
Normal : Nikita Scherbak, Ben Johnson, Nils Hoglander - PP : Nikita Scherbak, Ben Johnson - PK : Nikita Scherbak
Extra Defensemen
Normal : Calle Andersson, Zach Whitecloud, Declan Chisholm - PP : Calle Andersson - PK : Calle Andersson, Zach Whitecloud
Penalty Shots
Mikhail Grigorenko, Hudson Fasching, Dillon Dube, Andrew Poturalski, Nikita Scherbak
Custom OT Lines Forwards
Mikhail Grigorenko, Hudson Fasching, Dillon Dube, Andrew Poturalski, Nikita Scherbak, Ben Johnson, Nils Hoglander, Maxim Letunov, Ross Johnston, JJ. Piccinich
Custom OT Lines Defensemen
Patrick Sieloff, Julius Honka, Jeremy Davies, Calle Andersson, Zach Whitecloud

Scratches
Clark Bishop (Healthy), Kristian Reichel (Healthy), Jackson Cates (Healthy), Antoine Morand (Healthy), Nikita Okhotyuk (Healthy)
Egor Afanasyev (Healthy), Petr Kvaca (Healthy)

% Time on Ice - Condors

Lines # - Real PCT - Wanted PCT - Time Play
Normal Forward
1 - 34% - 40% - 17:49
2 - 27% - 30% - 13:46
3 - 23% - 20% - 12:10
4 - 16% - 10% - 8:06
Normal Defense
1 - 39% - 40% - 20:10
2 - 31% - 30% - 15:51
3 - 19% - 20% - 9:57
4 - 11% - 10% - 5:53
PP Forward
1 - 58% - 60% - 2:25
2 - 42% - 40% - 1:43
PP Defense
1 - 54% - 60% - 2:13
2 - 46% - 40% - 1:55
PK Forward
1 - 77% - 60% - 2:24
2 - 23% - 40% - 0:42
PK Defense
1 - 64% - 60% - 1:59
2 - 36% - 40% - 1:07
PK3 Forward
1 - 0% - 60%
2 - 0% - 40%
PK3 Defense
1 - 0% - 60%
2 - 0% - 40%
44 Forward
1 - 0% - 60%
2 - 0% - 40%
44 Defense
1 - 0% - 60%
2 - 0% - 40%
Last Minute Offensive  - 0:00
Last Minute Defensive  - 0:55
Total
Forward - 60:00
Defense - 60:00

% Time on Ice - Icehogs

Lines # - Real PCT - Wanted PCT - Time Play
Normal Forward
1 - 34% - 40% - 17:44
2 - 27% - 30% - 13:54
3 - 24% - 20% - 12:11
4 - 15% - 10% - 7:59
Normal Defense
1 - 39% - 40% - 20:17
2 - 31% - 30% - 16:06
3 - 23% - 20% - 11:58
4 - 7% - 10% - 3:27
PP Forward
1 - 60% - 60% - 1:51
2 - 40% - 40% - 1:15
PP Defense
1 - 60% - 60% - 1:51
2 - 40% - 40% - 1:15
PK Forward
1 - 69% - 60% - 2:51
2 - 31% - 40% - 1:17
PK Defense
1 - 59% - 60% - 2:27
2 - 41% - 40% - 1:41
PK3 Forward
1 - 0% - 60%
2 - 0% - 40%
PK3 Defense
1 - 0% - 60%
2 - 0% - 40%
44 Forward
1 - 0% - 60%
2 - 0% - 40%
44 Defense
1 - 0% - 60%
2 - 0% - 40%
Last Minute Offensive  - 0:58
Last Minute Defensive  - 0:00
Total
Forward - 60:00
Defense - 60:00

Play-by-Play

1st period


0:01 of 1st period - Tyson Jost wins face-off versus Dillon Dube in neutral zone.
0:17 of 1st period - Slapshot by Adam Erne.
0:17 of 1st period - Shot Misses the Net.
0:24 of 1st period - Icing by Mikhail Grigorenko.
0:25 of 1st period - Dillon Dube wins face-off versus Nick Shore in Icehogs zone.
1:06 of 1st period - Snap shot by Nick Shore.
1:06 of 1st period - Shot Misses the Net.
1:08 of 1st period - Snap shot by Klim Kostin.
1:08 of 1st period - Shot Misses the Net.
1:10 of 1st period - Snap shot by Klim Kostin.
1:10 of 1st period - Stopped by Mackenzie Blackwood with a rebound.
1:12 of 1st period - Slapshot by Alexander Alexeyev.
1:12 of 1st period - Shot Blocked by Calle Andersson.
1:14 of 1st period - Slapshot by Klim Kostin.
1:14 of 1st period - Goal by Klim Kostin - Condors : 1 - Icehogs : 0.
1:15 of 1st period - Dillon Dube wins face-off versus Connor Hurley in neutral zone.
1:20 of 1st period - Wrist shot by Mikhail Grigorenko.
1:20 of 1st period - Shot Misses the Net.
1:46 of 1st period - Snap shot by Andrew Poturalski.
1:46 of 1st period - Stopped by Jaxson Stauber with a rebound.
1:48 of 1st period - Snap shot by Julius Honka.
1:48 of 1st period - Deflect By Nikolai Knyzhov.
1:48 of 1st period - Stopped by Jaxson Stauber with a rebound.
1:50 of 1st period - Snap shot by Nikita Scherbak.
1:50 of 1st period - Shot Blocked by Adam Erne.
1:52 of 1st period - Slapshot by Patrick Sieloff.
1:52 of 1st period - Deflect By Nikita Scherbak.
1:52 of 1st period - Shot Misses the Net.
1:52 of 1st period - Puck is out of play.
1:53 of 1st period - Cole Cassels wins face-off versus Ben Johnson in Condors zone.
2:29 of 1st period - Wrist shot by Hudson Fasching.
2:29 of 1st period - Shot Misses the Net.
2:31 of 1st period - Slapshot by Patrick Sieloff.
2:31 of 1st period - Shot Misses the Net.
2:41 of 1st period - Julius Honka is hit by Logan Stanley and loses puck.
3:24 of 1st period - Gabriel Fortier is hit by Remi Elie.
3:50 of 1st period - Snap shot by Mikhail Grigorenko.
3:50 of 1st period - Shot Misses the Net.
4:07 of 1st period - Off-side.
4:08 of 1st period - Connor Hurley wins face-off versus Ben Johnson in neutral zone.
4:11 of 1st period - Declan Chisholm is hit by Taro Hirose and loses puck.
4:32 of 1st period - Off-side.
4:33 of 1st period - Klim Kostin wins face-off versus Nils Hoglander in neutral zone.
4:48 of 1st period - Wrist shot by Andrew Poturalski.
4:48 of 1st period - Deflect By Nikita Scherbak.
4:48 of 1st period - Stopped by Jaxson Stauber with a rebound.
5:11 of 1st period - Icing by Adam Erne.
5:12 of 1st period - Tyson Jost wins face-off versus Andrew Poturalski in Condors zone.
5:36 of 1st period - Slapshot by Adam Erne.
5:36 of 1st period - Shot Blocked by Hudson Fasching.
5:38 of 1st period - Slapshot by Logan Stanley.
5:38 of 1st period - Stopped by Mackenzie Blackwood without a rebound.
5:39 of 1st period - Connor Hurley wins face-off versus Dillon Dube in Icehogs zone.
5:44 of 1st period - Snap shot by Taro Hirose.
5:44 of 1st period - Stopped by Mackenzie Blackwood with a rebound.
5:54 of 1st period - Snap shot by Cody Glass.
5:54 of 1st period - Shot Misses the Net.
6:09 of 1st period - Snap shot by Yegor Sharangovich.
6:09 of 1st period - Shot Misses the Net.
6:11 of 1st period - Wrist shot by Nick Shore.
6:11 of 1st period - Stopped by Mackenzie Blackwood with a rebound.
6:54 of 1st period - Slapshot by Martin Frk.
6:54 of 1st period - Shot Misses the Net.
6:56 of 1st period - Slapshot by Jordan Subban.
6:56 of 1st period - Stopped by Mackenzie Blackwood without a rebound.
6:57 of 1st period - Nick Shore wins face-off versus Dillon Dube in Icehogs zone.
7:00 of 1st period - Wrist shot by Klim Kostin.
7:00 of 1st period - Shot Blocked by Hudson Fasching.
7:27 of 1st period - Ben Johnson is hit by Adam Erne.
7:47 of 1st period - Snap shot by Cody Glass.
7:47 of 1st period - Stopped by Mackenzie Blackwood without a rebound.
7:48 of 1st period - Dillon Dube wins face-off versus Connor Hurley in Icehogs zone.
7:57 of 1st period - Snap shot by Mikhail Grigorenko.
7:57 of 1st period - Shot Misses the Net.
8:15 of 1st period - Adam Erne is hit by Nils Hoglander and loses puck.
8:42 of 1st period - Nick Shore is hit by Ben Johnson and loses puck.
9:47 of 1st period - Snap shot by Nils Hoglander.
9:47 of 1st period - Stopped by Jaxson Stauber with a rebound.
10:09 of 1st period - Snap shot by Nick Shore.
10:09 of 1st period - Shot Misses the Net.
11:36 of 1st period - Alexander Alexeyev is hit by JJ. Piccinich and loses puck.
12:16 of 1st period - Icing by Connor Hurley.
12:17 of 1st period - Andrew Poturalski wins face-off versus Tyson Jost in Condors zone.
12:50 of 1st period - Wrist shot by Yegor Sharangovich.
12:50 of 1st period - Stopped by Mackenzie Blackwood with a rebound.
13:06 of 1st period - Snap shot by Ben Johnson.
13:06 of 1st period - Deflect By JJ. Piccinich.
13:06 of 1st period - Stopped by Jaxson Stauber without a rebound.
13:07 of 1st period - Connor Hurley wins face-off versus Ben Johnson in Condors zone.
13:36 of 1st period - Wrist shot by Taro Hirose.
13:36 of 1st period - Stopped by Mackenzie Blackwood with a rebound.
13:38 of 1st period - Slapshot by Jordan Subban.
13:38 of 1st period - Shot Blocked by Declan Chisholm.
13:48 of 1st period - Snap shot by Taro Hirose.
13:48 of 1st period - Shot Misses the Net.
15:07 of 1st period - Wrist shot by Taro Hirose.
15:07 of 1st period - Shot Blocked by JJ. Piccinich.
15:09 of 1st period - Wrist shot by Connor Hurley.
15:09 of 1st period - Stopped by Mackenzie Blackwood with a rebound.
15:11 of 1st period - Wrist shot by Connor Hurley.
15:11 of 1st period - Stopped by Mackenzie Blackwood without a rebound.
15:12 of 1st period - Adam Erne wins face-off versus Dillon Dube in Icehogs zone.
15:15 of 1st period - Slapshot by Tyson Jost.
15:15 of 1st period - Shot Misses the Net.
15:17 of 1st period - Snap shot by Tyson Jost.
15:17 of 1st period - Stopped by Mackenzie Blackwood with a rebound.
15:19 of 1st period - Slapshot by Nikolai Knyzhov.
15:19 of 1st period - Deflect By Hudson Fasching.
15:19 of 1st period - Stopped by Mackenzie Blackwood without a rebound.
15:20 of 1st period - Dillon Dube wins face-off versus Tyson Jost in Icehogs zone.
15:51 of 1st period - Martin Frk is hit by Dillon Dube and loses puck.
16:21 of 1st period - Snap shot by Adam Erne.
16:21 of 1st period - Stopped by Mackenzie Blackwood with a rebound.
16:23 of 1st period - Snap shot by Adam Erne.
16:23 of 1st period - Shot Blocked by Mikhail Grigorenko.
16:25 of 1st period - Wrist shot by Tyson Jost.
16:25 of 1st period - Stopped by Mackenzie Blackwood with a rebound.
16:27 of 1st period - Snap shot by Tyson Jost.
16:27 of 1st period - Deflect By Martin Frk.
16:27 of 1st period - Shot Misses the Net.
16:27 of 1st period - Puck is out of play.
16:28 of 1st period - Nick Shore wins face-off versus Andrew Poturalski in Icehogs zone.
16:38 of 1st period - Off-side.
16:39 of 1st period - Andrew Poturalski wins face-off versus Nick Shore in neutral zone.
16:41 of 1st period - Off-side.
16:42 of 1st period - Nick Shore wins face-off versus Andrew Poturalski in neutral zone.
17:03 of 1st period - Minor Penalty to Nils Hoglander for Slashing.
17:04 of 1st period - Dillon Dube wins face-off versus Tyson Jost in Icehogs zone.
19:03 of 1st period - Penalty to Nils Hoglander is over, Nils Hoglander is back on ice.
19:14 of 1st period - Snap shot by Mitchell Chaffee.
19:14 of 1st period - Shot Blocked by Evan Bouchard.
19:27 of 1st period - Pontus Holmberg is hit by Gabriel Fortier and loses puck.
19:48 of 1st period - Slapshot by Pontus Holmberg.
19:48 of 1st period - Stopped by Mackenzie Blackwood with a rebound.
19:50 of 1st period - Slapshot by Cole Cassels.
19:50 of 1st period - Shot Misses the Net.
19:52 of 1st period - Snap shot by Logan Stanley.
19:52 of 1st period - Stopped by Mackenzie Blackwood with a rebound.
19:54 of 1st period - Slapshot by Logan Stanley.
19:54 of 1st period - Shot Misses the Net.
Goals for this period are 1 for Condors vs 0 for Icehogs.
Shots for this period are 17 for Condors vs 5 for Icehogs.

2nd period


0:01 of 2nd period - Tyson Jost wins face-off versus Dillon Dube in neutral zone.
0:16 of 2nd period - Slapshot by Julius Honka.
0:16 of 2nd period - Shot Misses the Net.
0:32 of 2nd period - Wrist shot by Ben Johnson.
0:32 of 2nd period - Deflect By Adam Erne.
0:32 of 2nd period - Shot Misses the Net.
0:32 of 2nd period - Puck is out of play.
0:33 of 2nd period - Ben Johnson wins face-off versus Nick Shore in Condors zone.
0:42 of 2nd period - Zach Whitecloud is hit by Yegor Sharangovich.
1:00 of 2nd period - Cody Glass is hit by Mikhail Grigorenko and loses puck.
1:11 of 2nd period - Slapshot by Hudson Fasching.
1:11 of 2nd period - Stopped by Jaxson Stauber with a rebound.
1:31 of 2nd period - Wrist shot by Patrick Sieloff.
1:31 of 2nd period - Shot Misses the Net.
1:34 of 2nd period - Icing by Adam Erne.
1:35 of 2nd period - Tyson Jost wins face-off versus Dillon Dube in Condors zone.
1:44 of 2nd period - Wrist shot by Mikhail Grigorenko.
1:44 of 2nd period - Stopped by Jaxson Stauber with a rebound.
2:13 of 2nd period - Snap shot by Nick Shore.
2:13 of 2nd period - Shot Misses the Net.
2:27 of 2nd period - Snap shot by Taro Hirose.
2:27 of 2nd period - Shot Blocked by Calle Andersson.
2:29 of 2nd period - Wrist shot by Cody Glass.
2:29 of 2nd period - Stopped by Mackenzie Blackwood with a rebound.
2:31 of 2nd period - Wrist shot by Jordan Subban.
2:31 of 2nd period - Deflect By Calle Andersson.
2:31 of 2nd period - Stopped by Mackenzie Blackwood with a rebound.
2:35 of 2nd period - Snap shot by Taro Hirose.
2:35 of 2nd period - Shot Misses the Net.
2:37 of 2nd period - Wrist shot by Connor Hurley.
2:37 of 2nd period - Stopped by Mackenzie Blackwood with a rebound.
2:39 of 2nd period - Wrist shot by Cody Glass.
2:39 of 2nd period - Stopped by Mackenzie Blackwood with a rebound.
3:03 of 2nd period - Snap shot by Ben Johnson.
3:03 of 2nd period - Shot Misses the Net.
3:05 of 2nd period - Slapshot by Patrick Sieloff.
3:05 of 2nd period - Shot Misses the Net.
3:07 of 2nd period - Snap shot by Julius Honka.
3:07 of 2nd period - Stopped by Jaxson Stauber without a rebound.
3:08 of 2nd period - Dillon Dube wins face-off versus Tyson Jost in Condors zone.
3:09 of 2nd period - Snap shot by Mikhail Grigorenko.
3:09 of 2nd period - Shot Misses the Net.
3:15 of 2nd period - Hudson Fasching is hit by Martin Frk and loses puck.
3:20 of 2nd period - Snap shot by Martin Frk.
3:20 of 2nd period - Shot Misses the Net.
3:22 of 2nd period - Snap shot by Adam Erne.
3:22 of 2nd period - Shot Misses the Net.
3:48 of 2nd period - Patrick Sieloff is hit by Yegor Sharangovich and loses puck.
4:05 of 2nd period - Nick Shore is hit by Nikita Scherbak and loses puck.
5:06 of 2nd period - Minor Penalty to Nick Shore for Roughing.
5:07 of 2nd period - Adam Erne wins face-off versus Dillon Dube in Condors zone.
5:15 of 2nd period - Slapshot by Jeremy Davies.
5:15 of 2nd period - Stopped by Jaxson Stauber without a rebound.
5:16 of 2nd period - Dillon Dube wins face-off versus Adam Erne in Condors zone.
5:17 of 2nd period - Snap shot by Hudson Fasching.
5:17 of 2nd period - Goal by Hudson Fasching - Condors : 1 - Icehogs : 1.
5:18 of 2nd period - Dillon Dube wins face-off versus Tyson Jost in neutral zone.
6:31 of 2nd period - Snap shot by Yegor Sharangovich.
6:31 of 2nd period - Stopped by Mackenzie Blackwood with a rebound.
6:33 of 2nd period - Slapshot by Evan Bouchard.
6:33 of 2nd period - Shot Blocked by Calle Andersson.
6:35 of 2nd period - Snap shot by Evan Bouchard.
6:35 of 2nd period - Deflect By Yegor Sharangovich.
6:35 of 2nd period - Stopped by Mackenzie Blackwood without a rebound.
6:36 of 2nd period - Tyson Jost wins face-off versus Dillon Dube in Icehogs zone.
7:26 of 2nd period - Zach Whitecloud is hit by Connor Hurley and loses puck.
7:55 of 2nd period - Remi Elie is hit by Zach Whitecloud.
8:35 of 2nd period - Snap shot by Jeremy Davies.
8:35 of 2nd period - Stopped by Jaxson Stauber without a rebound.
8:36 of 2nd period - Yegor Sharangovich wins face-off versus Nikita Scherbak in Condors zone.
8:36 of 2nd period - Yegor Sharangovich is hit by Julius Honka.
9:01 of 2nd period - Hudson Fasching is hit by Tyson Jost and loses puck.
9:43 of 2nd period - Gustav Olofsson is hit by Mitchell Chaffee and loses puck.
9:48 of 2nd period - Slapshot by Julius Honka.
9:48 of 2nd period - Shot Misses the Net.
9:50 of 2nd period - Slapshot by Julius Honka.
9:50 of 2nd period - Shot Blocked by Pontus Holmberg.
9:54 of 2nd period - Wrist shot by Maxim Letunov.
9:54 of 2nd period - Shot Misses the Net.
9:56 of 2nd period - Wrist shot by Julius Honka.
9:56 of 2nd period - Stopped by Jaxson Stauber with a rebound.
10:15 of 2nd period - Icing by Gustav Olofsson.
10:16 of 2nd period - Cole Cassels wins face-off versus Dillon Dube in Condors zone.
10:21 of 2nd period - Wrist shot by Remi Elie.
10:21 of 2nd period - Shot Misses the Net.
10:23 of 2nd period - Wrist shot by Cole Cassels.
10:23 of 2nd period - Deflect By Pontus Holmberg.
10:23 of 2nd period - Shot Misses the Net.
10:23 of 2nd period - Puck is out of play.
10:24 of 2nd period - Dillon Dube wins face-off versus Tyson Jost in Icehogs zone.
10:29 of 2nd period - Slapshot by Calle Andersson.
10:29 of 2nd period - Shot Misses the Net.
10:39 of 2nd period - Dillon Dube is hit by Adam Erne and loses puck.
10:52 of 2nd period - Snap shot by Andrew Poturalski.
10:52 of 2nd period - Stopped by Jaxson Stauber with a rebound.
10:54 of 2nd period - Slapshot by Jeremy Davies.
10:54 of 2nd period - Shot Blocked by Klim Kostin.
10:56 of 2nd period - Wrist shot by Nils Hoglander.
10:56 of 2nd period - Stopped by Jaxson Stauber with a rebound.
10:58 of 2nd period - Wrist shot by Nikita Scherbak.
10:58 of 2nd period - Deflect By Andrew Poturalski.
10:58 of 2nd period - Shot Blocked by Nick Shore.
10:58 of 2nd period - Puck is out of play.
10:59 of 2nd period - Andrew Poturalski wins face-off versus Tyson Jost in Condors zone.
11:06 of 2nd period - Slapshot by Andrew Poturalski.
11:06 of 2nd period - Shot Blocked by Alexander Alexeyev.
11:24 of 2nd period - Gustav Olofsson is hit by Mikhail Grigorenko and loses puck.
11:37 of 2nd period - Snap shot by Hudson Fasching.
11:37 of 2nd period - Shot Blocked by Nick Shore.
12:11 of 2nd period - Wrist shot by Adam Erne.
12:11 of 2nd period - Shot Blocked by Calle Andersson.
12:17 of 2nd period - Wrist shot by Martin Frk.
12:17 of 2nd period - Deflect By Tyson Jost.
12:17 of 2nd period - Stopped by Mackenzie Blackwood with a rebound.
12:33 of 2nd period - Wrist shot by Nikita Scherbak.
12:33 of 2nd period - Stopped by Jaxson Stauber with a rebound.
12:53 of 2nd period - Snap shot by Nick Shore.
12:53 of 2nd period - Deflect By Hudson Fasching.
12:53 of 2nd period - Stopped by Mackenzie Blackwood with a rebound.
13:33 of 2nd period - Martin Frk is hit by Calle Andersson and loses puck.
13:50 of 2nd period - Snap shot by Andrew Poturalski.
13:50 of 2nd period - Stopped by Jaxson Stauber without a rebound.
13:51 of 2nd period - Andrew Poturalski wins face-off versus Cole Cassels in Condors zone.
14:04 of 2nd period - Wrist shot by Pontus Holmberg.
14:04 of 2nd period - Shot Blocked by Nikita Scherbak.
14:06 of 2nd period - Wrist shot by Remi Elie.
14:06 of 2nd period - Deflect By Cole Cassels.
14:06 of 2nd period - Shot Misses the Net.
14:06 of 2nd period - Puck is out of play.
14:07 of 2nd period - Dillon Dube wins face-off versus Tyson Jost in Icehogs zone.
14:20 of 2nd period - Patrick Sieloff is hit by Evan Bouchard and loses puck.
14:34 of 2nd period - Minor Penalty to Logan Stanley for Tripping.
14:35 of 2nd period - Adam Erne wins face-off versus Dillon Dube in Condors zone.
15:32 of 2nd period - Slapshot by Nick Shore.
15:32 of 2nd period - Shot Misses the Net.
16:34 of 2nd period - Penalty to Logan Stanley is over, Logan Stanley is back on ice.
17:04 of 2nd period - Mitchell Chaffee is hit by Pontus Holmberg and loses puck.
18:23 of 2nd period - Snap shot by Nick Shore.
18:23 of 2nd period - Shot Blocked by Julius Honka.
18:29 of 2nd period - Wrist shot by Klim Kostin.
18:29 of 2nd period - Deflect By Mikhail Grigorenko.
18:29 of 2nd period - Stopped by Mackenzie Blackwood with a rebound.
18:47 of 2nd period - Julius Honka is hit by Evan Bouchard.
19:03 of 2nd period - Snap shot by Taro Hirose.
19:03 of 2nd period - Shot Misses the Net.
19:15 of 2nd period - Minor Penalty to Ross Johnston for Kneeing.
19:16 of 2nd period - Dillon Dube wins face-off versus Tyson Jost in Icehogs zone.
19:25 of 2nd period - Wrist shot by Adam Erne.
19:25 of 2nd period - Goal by Adam Erne - Condors : 2 - Icehogs : 1.
19:26 of 2nd period - Tyson Jost wins face-off versus Dillon Dube in neutral zone.
19:33 of 2nd period - Wrist shot by Martin Frk.
19:33 of 2nd period - Goal by Martin Frk - Condors : 3 - Icehogs : 1.
19:34 of 2nd period - Dillon Dube wins face-off versus Tyson Jost in neutral zone.
Goals for this period are 2 for Condors vs 1 for Icehogs.
Shots for this period are 11 for Condors vs 11 for Icehogs.

3rd period


0:01 of 3rd period - Tyson Jost wins face-off versus Dillon Dube in neutral zone.
0:08 of 3rd period - Slapshot by Martin Frk.
0:08 of 3rd period - Shot Misses the Net.
0:10 of 3rd period - Snap shot by Martin Frk.
0:10 of 3rd period - Stopped by Mackenzie Blackwood without a rebound.
0:11 of 3rd period - Tyson Jost wins face-off versus Dillon Dube in Icehogs zone.
0:38 of 3rd period - Snap shot by Taro Hirose.
0:38 of 3rd period - Stopped by Mackenzie Blackwood without a rebound.
0:39 of 3rd period - Connor Hurley wins face-off versus Andrew Poturalski in Icehogs zone.
1:17 of 3rd period - Ben Johnson is hit by Logan Stanley and loses puck.
1:29 of 3rd period - Minor Penalty to Declan Chisholm for Holding.
1:30 of 3rd period - Tyson Jost wins face-off versus Dillon Dube in Icehogs zone.
3:21 of 3rd period - Gustav Olofsson is hit by Ross Johnston and loses puck.
3:29 of 3rd period - Penalty to Declan Chisholm is over, Declan Chisholm is back on ice.
3:38 of 3rd period - Snap shot by Maxim Letunov.
3:38 of 3rd period - Shot Blocked by Logan Stanley.
3:40 of 3rd period - Wrist shot by Maxim Letunov.
3:40 of 3rd period - Goal by Maxim Letunov - Condors : 3 - Icehogs : 2.
3:41 of 3rd period - Yegor Sharangovich wins face-off versus Dillon Dube in neutral zone.
4:59 of 3rd period - Backhand shot by Hudson Fasching.
4:59 of 3rd period - Stopped by Jaxson Stauber without a rebound.
5:00 of 3rd period - Andrew Poturalski wins face-off versus Nick Shore in Condors zone.
5:17 of 3rd period - Evan Bouchard is hit by Nikita Scherbak.
6:08 of 3rd period - Slapshot by Nikita Scherbak.
6:08 of 3rd period - Stopped by Jaxson Stauber without a rebound.
6:09 of 3rd period - Connor Hurley wins face-off versus Andrew Poturalski in Condors zone.
6:49 of 3rd period - Wrist shot by Cody Glass.
6:49 of 3rd period - Shot Misses the Net.
6:51 of 3rd period - Slapshot by Gustav Olofsson.
6:51 of 3rd period - Stopped by Mackenzie Blackwood without a rebound.
6:52 of 3rd period - Dillon Dube wins face-off versus Tyson Jost in Icehogs zone.
6:52 of 3rd period - Dillon Dube is hit by Logan Stanley.
7:00 of 3rd period - Slapshot by Patrick Sieloff.
7:00 of 3rd period - Stopped by Jaxson Stauber without a rebound.
7:01 of 3rd period - Dillon Dube wins face-off versus Tyson Jost in Condors zone.
7:20 of 3rd period - Snap shot by Dillon Dube.
7:20 of 3rd period - Stopped by Jaxson Stauber without a rebound.
7:21 of 3rd period - Andrew Poturalski wins face-off versus Nick Shore in Condors zone.
7:25 of 3rd period - Minor Penalty to Nick Shore for Delaying the game.
7:26 of 3rd period - Dillon Dube wins face-off versus Adam Erne in Condors zone.
7:36 of 3rd period - Slapshot by Hudson Fasching.
7:36 of 3rd period - Stopped by Jaxson Stauber with a rebound.
7:38 of 3rd period - Snap shot by Hudson Fasching.
7:38 of 3rd period - Shot Misses the Net.
7:40 of 3rd period - Slapshot by Dillon Dube.
7:40 of 3rd period - Stopped by Jaxson Stauber with a rebound.
7:42 of 3rd period - Slapshot by Julius Honka.
7:42 of 3rd period - Shot Misses the Net.
7:56 of 3rd period - Snap shot by Nikita Scherbak.
7:56 of 3rd period - Stopped by Jaxson Stauber without a rebound.
7:57 of 3rd period - Dillon Dube wins face-off versus Tyson Jost in Condors zone.
8:21 of 3rd period - Wrist shot by Calle Andersson.
8:21 of 3rd period - Goal by Calle Andersson - Condors : 3 - Icehogs : 3.
8:22 of 3rd period - Dillon Dube wins face-off versus Nick Shore in neutral zone.
8:49 of 3rd period - Logan Stanley is hit by Andrew Poturalski and loses puck.
9:09 of 3rd period - Off-side.
9:10 of 3rd period - Connor Hurley wins face-off versus Ben Johnson in neutral zone.
9:13 of 3rd period - Declan Chisholm is hit by Cody Glass and loses puck.
9:24 of 3rd period - Wrist shot by JJ. Piccinich.
9:24 of 3rd period - Shot Misses the Net.
9:26 of 3rd period - Slapshot by Declan Chisholm.
9:26 of 3rd period - Shot Blocked by Gustav Olofsson.
10:04 of 3rd period - Icing by Patrick Sieloff.
10:05 of 3rd period - Klim Kostin wins face-off versus Andrew Poturalski in Icehogs zone.
10:30 of 3rd period - Snap shot by Nikita Scherbak.
10:30 of 3rd period - Stopped by Jaxson Stauber with a rebound.
10:32 of 3rd period - Wrist shot by Nikita Scherbak.
10:32 of 3rd period - Stopped by Jaxson Stauber with a rebound.
10:34 of 3rd period - Wrist shot by Nils Hoglander.
10:34 of 3rd period - Deflect By Andrew Poturalski.
10:34 of 3rd period - Stopped by Jaxson Stauber without a rebound.
10:35 of 3rd period - Dillon Dube wins face-off versus Tyson Jost in Condors zone.
10:36 of 3rd period - Wrist shot by Mikhail Grigorenko.
10:36 of 3rd period - Deflect By Hudson Fasching.
10:36 of 3rd period - Stopped by Jaxson Stauber with a rebound.
10:38 of 3rd period - Slapshot by Calle Andersson.
10:38 of 3rd period - Shot Blocked by Adam Erne.
10:40 of 3rd period - Wrist shot by Mikhail Grigorenko.
10:40 of 3rd period - Stopped by Jaxson Stauber without a rebound.
10:41 of 3rd period - Martin Frk wins face-off versus Dillon Dube in Condors zone.
11:08 of 3rd period - Nikita Scherbak is hit by Klim Kostin and loses puck.
11:17 of 3rd period - Calle Andersson is hit by Yegor Sharangovich and loses puck.
12:08 of 3rd period - Slapshot by Tyson Jost.
12:08 of 3rd period - Shot Misses the Net.
12:10 of 3rd period - Slapshot by Evan Bouchard.
12:10 of 3rd period - Stopped by Mackenzie Blackwood without a rebound.
12:11 of 3rd period - Tyson Jost wins face-off versus Mikhail Grigorenko in Icehogs zone.
13:08 of 3rd period - Slapshot by Patrick Sieloff.
13:08 of 3rd period - Deflect By JJ. Piccinich.
13:08 of 3rd period - Shot Blocked by Gustav Olofsson.
13:08 of 3rd period - Puck is out of play.
13:09 of 3rd period - Tyson Jost wins face-off versus Dillon Dube in Condors zone.
13:46 of 3rd period - Wrist shot by Andrew Poturalski.
13:46 of 3rd period - Stopped by Jaxson Stauber with a rebound.
14:03 of 3rd period - Wrist shot by Logan Stanley.
14:03 of 3rd period - Deflect By Jeremy Davies.
14:03 of 3rd period - Stopped by Mackenzie Blackwood without a rebound.
14:04 of 3rd period - Dillon Dube wins face-off versus Tyson Jost in Icehogs zone.
14:04 of 3rd period - Dillon Dube is hit by Tyson Jost.
14:55 of 3rd period - Remi Elie is hit by Ben Johnson and loses puck.
15:27 of 3rd period - Icing by Maxim Letunov.
15:28 of 3rd period - Tyson Jost wins face-off versus Maxim Letunov in Icehogs zone.
15:31 of 3rd period - Slapshot by Martin Frk.
15:31 of 3rd period - Shot Misses the Net.
15:33 of 3rd period - Slapshot by Logan Stanley.
15:33 of 3rd period - Shot Misses the Net.
15:35 of 3rd period - Snap shot by Tyson Jost.
15:35 of 3rd period - Shot Misses the Net.
15:39 of 3rd period - Slapshot by Martin Frk.
15:39 of 3rd period - Shot Hit the Post.
16:03 of 3rd period - Wrist shot by Nick Shore.
16:03 of 3rd period - Goal by Nick Shore - Condors : 4 - Icehogs : 3.
16:04 of 3rd period - Tyson Jost wins face-off versus Dillon Dube in neutral zone.
16:17 of 3rd period - Wrist shot by Adam Erne.
16:17 of 3rd period - Stopped by Mackenzie Blackwood without a rebound.
16:18 of 3rd period - Tyson Jost wins face-off versus Dillon Dube in Icehogs zone.
16:29 of 3rd period - Slapshot by Adam Erne.
16:29 of 3rd period - Deflect By Martin Frk.
16:29 of 3rd period - Shot Misses the Net.
16:29 of 3rd period - Puck is out of play.
16:30 of 3rd period - Tyson Jost wins face-off versus Dillon Dube in Icehogs zone.
16:45 of 3rd period - Slapshot by Hudson Fasching.
16:45 of 3rd period - Stopped by Jaxson Stauber with a rebound.
16:47 of 3rd period - Snap shot by Hudson Fasching.
16:47 of 3rd period - Shot Misses the Net.
16:57 of 3rd period - Klim Kostin is hit by Nils Hoglander and loses puck.
17:04 of 3rd period - Wrist shot by Andrew Poturalski.
17:04 of 3rd period - Stopped by Jaxson Stauber with a rebound.
17:06 of 3rd period - Slapshot by Julius Honka.
17:06 of 3rd period - Stopped by Jaxson Stauber with a rebound.
18:21 of 3rd period - Martin Frk is hit by Hudson Fasching and loses puck.
18:42 of 3rd period - Snap shot by Taro Hirose.
18:42 of 3rd period - Stopped by Mackenzie Blackwood without a rebound.
18:43 of 3rd period - Nick Shore wins face-off versus Dillon Dube in Icehogs zone.
18:44 of 3rd period - Snap shot by Yegor Sharangovich.
18:44 of 3rd period - Shot Misses the Net.
18:52 of 3rd period - Icehogs, Mackenzie Blackwood is pulled from the net.
19:16 of 3rd period - Slapshot by Martin Frk.
19:16 of 3rd period - Shot Blocked by Julius Honka.
19:24 of 3rd period - Slapshot by Hudson Fasching.
19:24 of 3rd period - Shot Blocked by Jordan Subban.
19:26 of 3rd period - Snap shot by Julius Honka.
19:26 of 3rd period - Deflect By Jordan Subban.
19:26 of 3rd period - Stopped by Jaxson Stauber with a rebound.
Goals for this period are 1 for Condors vs 2 for Icehogs.
Shots for this period are 8 for Condors vs 19 for Icehogs. Output by the SimonT Hockey Simulator (STHS) for Francois Prevost - Original Page W3C HTML5 Valid
Hockey Simulator - Hockey Simulation - Hockey Manager